 Dungeon Crawl Stone Soup version 0.31-a0-1388-g4b2ba23 (webtiles) character file.

Game seed: 12448705613715544434

17180 Meow the Destroyer (level 12, 0/165 HPs)
             Began as a Naga Conjurer on Dec 24, 2023.
             Was an Initiate of Gozag.
             Engulfed by a cloud of flame (18 damage)
             ... in an ice cave.
             The game lasted 00:43:40 (13870 turns).

Meow the Destroyer (Naga Conjurer)                 Turns: 13870, Time: 00:43:41

Health: 0/165      AC: 30    Str:  9 (10) XL:     12   Next: 45%
Magic:  4/27       EV:  1    Int: 22 (23) God:    Gozag
Gold:   2108       SH:  0    Dex:  8 (10) Spells: 9/34 levels left

rFire   . . .        a - +4 falchion
rCold   . . .        (no shield)
rNeg    . . .        x - melded +0 robe of Dogmatism {Int+4}
rPois   +            (helmet currently unavailable)
rElec   .            (cloak currently unavailable)
rCorr   .            l - melded +0 pair of gloves
SInv    +            (no barding)
Will    +....        E - amulet of regeneration
Stlth   ++           Q - +4 ring of protection
HPRegen 1.27/turn    i - ring of wizardry
MPRegen 0.20/turn

%: wizardry (x1)
@: tree-form, very slightly contaminated
A: stationary, stasis, torment immunity, boosted hp, AC +4, large, see
invisible, (deformed body), (poison resistance), (slowness 2), spit poison 1,
(naga tail 1)
a: Spit Poison, Renounce Religion, Potion Petition, Call Merchant, Bribe Branch


You were in an ice cave.
You worshipped Gozag.
Gozag was most pleased with you.
You were a tree.
You visited 3 branches of the dungeon, and saw 14 of its levels.
You also visited: Sewer and Ice Cave.

You collected 2319 gold pieces.
You spent 125 gold pieces at shops.
You paid 86 gold pieces to Gozag.

Inventory:

Hand Weapons
 a - a +4 falchion (weapon)
 b - a +0 quarterstaff
 w - a +0 sling
 G - a +0 falchion
 M - a +0 orcbow
 N - a +0 shortbow
 S - a +5 broad axe
Missiles
 d - 72 stones
 B - 2 throwing nets
 T - 5 javelins
 V - 6 poisoned darts
Armour
 c - a +0 robe
 l - a +0 pair of gloves (melded)
 n - an orb of energy
 x - the +0 robe of Dogmatism (melded) {Int+4}
   (You bought it in a shop on level 5 of the Dungeon)

   Int+4:     It affects your intelligence (+4).
 I - +0 steam dragon scales
Magical Staves
 P - a staff of death
Jewellery
 e - a ring of positive energy
 i - a ring of wizardry (right branch)
 j - a +6 ring of intelligence
 E - an amulet of regeneration (around neck)
 Q - a +4 ring of protection (left branch)
Talismans
 R - the serpent talisman "Etositti" {rElec rF+ Str-5 Dex+4}
   (You found it on level 10 of the Dungeon)

   [serpent talisman]

   Str-5:     It affects your strength (-5).
   Dex+4:     It affects your dexterity (+4).
   rF+:       It protects you from fire.
   rElec:     It insulates you from electricity.
Wands
 D - a wand of flame (44)
 H - a wand of iceblast (6)
 J - a wand of paralysis (13)
Scrolls
 h - 2 scrolls of fear
 o - 6 scrolls of enchant armour
 s - a scroll of brand weapon
 t - 2 scrolls of blinking
 v - a scroll of poison
 y - a scroll of vulnerability
 C - 2 scrolls of noise
 U - a scroll of identify
Potions
 f - 7 potions of curing
 g - 5 potions of enlightenment
 k - a potion of lignification
 p - 2 potions of cancellation
 u - 2 potions of degeneration
 A - 2 potions of might {unknown}
 F - 2 potions of attraction {unknown}
 K - a potion of mutation {unknown}


   Skills:
 - Level 8.0 Fighting
 - Level 1.5 Dodging
 - Level 3.0 Stealth
 + Level 11.9 Spellcasting
 + Level 13.9 Conjurations


You had 9 spell levels left.
You knew the following spells:

 Your Spells              Type           Power      Damage    Failure   Level
a - Magic Dart            Conj           100%       1d8       0%          1
b - Searing Ray           Conj           100%       2d8       1%          2
f - Frozen Ramparts       Ice            26%        1d4       6%          3
g - Orb of Destruction    Conj           32%        9d10      6%          7
t - Sticky Flame          Fire/Alch      13%        2d5       21%         4
B - Iskenderun's Mystic   Conj/Tloc      43%        2d10      1%          4
F - Fulminant Prism       Conj/Alch      21%        3d12      1%          4

Your spell library contained the following spells:

 Spells                   Type           Power      Damage    Failure   Level
 Freeze                   Ice            52%        1d6       1%          1
 Slow                     Hex            52%        N/A       1%          1
 Hailstorm                Conj/Ice       43%        3d9       1%          3
 Flame Wave               Conj/Fire      43%        2d11      1%          4
 Scorch                   Fire           26%        2d6       3%          2
 Confusing Touch          Hex            13%        N/A       6%          3
 Inner Flame              Hex/Fire       13%        N/A       6%          3
 Sigil of Binding         Hex            13%        N/A       6%          3
 Summon Guardian Golem    Hex/Summ       13%        N/A       6%          3
 Vampiric Draining        Necr           13%        2d6       6%          3
 Spellforged Servitor     Conj/Summ      21%        N/A       65%         7
 Summon Cactus Giant      Summ           6%         N/A       95%         6


Dungeon Overview and Level Annotations

Branches:
Dungeon (12/15)            Temple (1/1) D:4            Lair (0/5) D:11
    Orc (1/2) D:9           Sewer (visited)           IceCv (1/1)

Altars:
Ashenzari
Cheibriados
Dithmenos
Elyvilon
Fedhas
Gozag
Hepliaklqana
Kikubaaqudgha
Makhleb
Nemelex Xobeh
Okawaru
Qazlal
Ru
Sif Muna
Trog
Uskayaw
Vehumet
Wu Jian
Xom
Yredelemnul
Zin
The Shining One

Shops:
D:5 [

Annotations:
D:7 1 runed translucent door, Crazy Yiuf
D:11 2 runed translucent doors, qazz's ghost, journeyman DjWr IceCv exclusion: ice statue


Innate Abilities, Weirdness & Mutations

You are a tree.
Your roots penetrate the ground, keeping you stationary.
You cannot be teleported.
You are immune to unholy pain and torment.
Your maximum health is greatly increased.
Your equipment is partially melded.
((Your serpentine skin is tough. (AC +4)))
You have supernaturally acute eyesight. (SInv)
((Armour fits poorly on your strangely shaped body.))
((Your system is resistant to poisons. (rPois)))
((You cover ground very slowly.))
You can spit poison.
((You have a snake-like lower body.))


Message History

Aim: an ice devil (71% to hit)
The bolt of acid hits the ice devil!
The ice devil is lightly wounded.
You are engulfed in blazing flames.
* * * LOW HITPOINT WARNING * * *
The necromancer is distracted by your dazzling golden aura.
The ice devil hits you but does no damage.
Unknown command.
Aiming: Corrosive Bolt
Press: ? - help, Shift-Dir - straight line, f/p - ice devil
Aim: an ice devil (lightly wounded, 71% to hit)
The bolt of acid hits the ice devil!
The ice devil is moderately wounded.
The necromancer shouts!
You are engulfed in blazing flames.
* * * LOW HITPOINT WARNING * * *
The ice devil is distracted by your dazzling golden aura.
Aiming: Corrosive Bolt
Press: ? - help, Shift-Dir - straight line, f/p - ice devil
Aim: an ice devil (moderately wounded, unaware, hasn't noticed you, 71% to hit)
The bolt of acid hits the ice devil!
The ice devil is heavily wounded.
The ice devil is no longer distracted by gold.
The now-empty wand crumbles to dust.
You are engulfed in blazing flames.
The ice devil hits you but does no damage.
Unknown command.
Okay, then.
No merchants are willing to come to this location.
Unknown command.
You hit the ice devil.
The ice devil is severely wounded.
You are engulfed in blazing flames.
The necromancer is no longer distracted by gold.
The ice devil hits you but does no damage.
Unknown command.
You barely miss the ice devil.
The ice devil is severely wounded.
You are engulfed in blazing flames.
You die...
Your body crumbles into a pile of gold.

#########≈≈≈≈≈≈~*
**,,
#########≈≈≈≈≈#***
**,
#########≈#≈###*,**
** *****,,***,,,**
* *,****,,,,,*,,* *
##,,**,,,,,**,,** *
#..,**,,,,,***,,*
#4##,,.....***,,**
#○♣#,,.....,***,,*
##$$#*,......*
*,,**
#°§##**,,...W*
**,,* #°##
*,,,ZZZ#* **,* #4.#
**,,8#..## *,, #..#
*,,**#..##**, ##.##
*,,* ##..# *, #..#
****##..## ** ##.##
##$.### *


You could see 2 ice devils.

Vanquished Creatures
  3 two-headed ogres
  A boulder beetle (D:12)
  Urug (D:10)
  A cyclops (D:11)
  2 ugly things
  Maggie (D:8)
  2 komodo dragons (D:11)
  An unseen horror (D:11)
  4 ice devils (IceCv)
  A freezing wraith (IceCv)
  3 anaconda simulacra (IceCv)
  2 hornets (D:9)
  Prince Ribbit (D:6)
  A slime creature (D:10)
  Sigmund (D:2)
  21 yaks
  A shadow (D:10)
  2 wyverns
  A wraith (D:9)
  2 basilisks (D:11)
  Eustachio (D:5)
  A human (D:9)
  2 vampire mosquitoes (D:11)
  2 steam dragons
  A harpy simulacrum (IceCv)
  Edmund (D:5)
  5 acid dragons
  3 orc warriors
  An ice beast (D:6)
  2 black bears
  3 centaurs
  An ogre (D:7)
  2 phantoms
  3 gnoll sergeants
  5 necrophages (D:6)
  4 bullfrogs
  A cane toad simulacrum (IceCv)
  4 scorpions
  A water moccasin zombie (D:6)
  9 wights
  A howler monkey (D:10)
  A hound (D:4)
  2 jellies
  3 bombardier beetles (D:5)
  7 orc priests
  A sleepcap (D:8)
  2 iguanas
  Terence (D:2)
  9 orc wizards
  2 wolf simulacra (IceCv)
  A polar bear simulacrum (IceCv)
  15 gnolls
  7 adders
  A river rat (D:6)
  3 white imps
  A worm (D:2)
  3 dart slugs
  36 orcs
  5 bats
  17 endoplasms
  12 giant cockroaches
  6 goblins
  7 hobgoblins
  6 jackals
  15 quokkas
  18 ball pythons
  5 frilled lizards
  6 kobolds
  9 rats
306 creatures vanquished.

Vanquished Creatures (others)
  16 fulminant prisms
16 creatures vanquished.

Grand Total: 322 creatures vanquished

Notes
Turn   | Place    | Note
-------+----------+-------------------------------------------
     0 | D:1      | Meow the Naga Conjurer began the quest for the Orb.
     0 | D:1      | Reached XP level 1. HP: 15/15 MP: 3/3
   233 | D:1      | Reached XP level 2. HP: 22/22 MP: 5/5
   236 | D:1      | Learned a level 2 spell: Searing Ray
   486 | D:1      | Found a faded altar of an unknown god.
  1047 | D:2      | Reached XP level 3. HP: 28/28 MP: 1/6
  1135 | D:2      | Noticed Sigmund
  1291 | D:3      | Found a shadowy altar of Dithmenos.
  1608 | D:3      | Reached XP level 4. HP: 36/36 MP: 4/8
  1684 | D:3      | Learned a level 4 spell: Iskenderun's Mystic Blast
  2021 | D:3      | Reached skill level 5 in Conjurations
  2085 | D:4      | Noticed a black bear
  2157 | D:4      | Killed a black bear
  2158 | D:4      | Reached XP level 5. HP: 40/42 MP: 0/10
  2243 | D:4      | Found a white marble altar of Elyvilon.
  2246 | D:4      | Found a sparkling altar of Nemelex Xobeh.
  2250 | D:4      | Found a stormy altar of Qazlal.
  2445 | D:4      | Found a staircase to the Ecumenical Temple.
  2465 | D:4      | Noticed a phantom
  2482 | Temple   | Entered the Ecumenical Temple
  2731 | D:4      | Killed a phantom
  2732 | D:4      | Reached XP level 6. HP: 47/49 MP: 3/12
  2738 | D:4      | Reached skill level 6 in Conjurations
  3002 | D:5      | Entered Level 5 of the Dungeon
  3036 | D:5      | Noticed Edmund
  3235 | D:2      | Reached XP level 7. HP: 55/55 MP: 7/14
  3286 | D:2      | Killed Sigmund
  3287 | D:2      | Reached skill level 5 in Spellcasting
  3287 | D:2      | Reached skill level 7 in Conjurations
  3480 | D:2      | Noticed Terence
  3489 | D:2      | Killed Terence
  3788 | D:5      | Noticed Eustachio
  3789 | D:5      | Found an opulent altar of Gozag.
  3799 | D:5      | Killed Eustachio
  3900 | D:5      | Learned a level 3 spell: Frozen Ramparts
  3905 | D:5      | Learned a level 4 spell: Fulminant Prism
  3964 | D:5      | Found Puwur's Antique Armour Shoppe.
  3977 | D:5      | Reached XP level 8. HP: 62/62 MP: 12/16
  3980 | D:5      | Bought a bloodstained robe for 125 gold pieces
  3980 | D:5      | Identified the +0 robe of Dogmatism {Int+4} (You bought it
                  | in a shop on level 5 of the Dungeon)
  4034 | D:5      | Noticed a vampire
  4070 | D:5      | Became a worshipper of Gozag Ym Sagoz the Greedy
  4088 | D:5      | Killed Edmund
  4089 | D:5      | Reached skill level 8 in Conjurations
  4263 | D:5      | Reached skill level 1 in Fighting
  4350 | D:6      | Found a blossoming altar of Fedhas.
  4398 | D:6      | Noticed Prince Ribbit
  4406 | D:6      | Killed Prince Ribbit
  4724 | D:6      | Found a glowing drain.
  4732 | Sewer    | Entered a sewer
  4939 | Sewer    | Reached XP level 9. HP: 75/76 MP: 12/19
  5190 | Sewer    | Identified the +3 scale mail of the Kodama {rElec rPois
                  | rCorr Int-2}
  5703 | D:6      | Reached skill level 9 in Conjurations
  6334 | D:7      | Found a burning altar of Makhleb.
  6720 | D:7      | Reached skill level 5 in Fighting
  7023 | D:7      | Found a runed translucent door.
  7024 | D:7      | Noticed Crazy Yiuf
  7286 | D:8      | Noticed Maggie
  7322 | D:8      | Noticed a two-headed ogre
  7403 | D:8      | Killed a two-headed ogre
  7404 | D:8      | Reached skill level 10 in Conjurations
  7404 | D:8      | Reached XP level 10. HP: 91/91 MP: 5/22
  7481 | D:8      | Killed Maggie
  7995 | D:8      | Learned a level 4 spell: Sticky Flame
  8299 | D:8      | Found a shimmering blue altar of Sif Muna.
  9047 | D:9      | Noticed a two-headed ogre
  9057 | D:9      | Killed a two-headed ogre
  9293 | D:9      | Reached skill level 11 in Conjurations
  9514 | D:9      | Reached XP level 11. HP: 80/100 MP: 3/24
  9605 | D:9      | Learned a level 7 spell: Orb of Destruction
  9709 | D:9      | Found a staircase to the Orcish Mines.
 10313 | Orc:1    | Entered Level 1 of the Orcish Mines
 10381 | D:10     | Entered Level 10 of the Dungeon
 10802 | D:10     | Noticed Urug
 11139 | D:10     | Reached skill level 10 in Spellcasting
 11197 | D:10     | Identified the serpent talisman "Etositti" {rElec rF+ Str-5
                  | Dex+4}
 11270 | D:10     | Killed Urug
 11271 | D:10     | Reached skill level 12 in Conjurations
 11349 | D:11     | Noticed a cyclops
 11350 | D:11     | Noticed a two-headed ogre
 11541 | D:10     | Killed a two-headed ogre
 11621 | D:11     | Killed a cyclops
 12674 | D:11     | Noticed a brown ugly thing
 12677 | D:11     | Killed a brown ugly thing
 12734 | D:11     | Reached skill level 13 in Conjurations
 12852 | D:11     | Found a large runed translucent door.
 12970 | D:11     | Found a large runed translucent door.
 12971 | D:11     | Noticed qazz's ghost (journeyman DjWr)
 13070 | D:11     | Reached XP level 12. HP: 110/110 MP: 12/27
 13507 | D:11     | Found a staircase to the Lair.
 13789 | D:12     | Found a frozen archway.
 13789 | D:12     | Noticed a boulder beetle
 13792 | D:12     | Killed a boulder beetle
 13799 | IceCv    | Entered an ice cave
 13803 | IceCv    | Found an ancient bone altar of Kikubaaqudgha.
 13870 | IceCv    | Engulfed by a cloud of flame

Illustrated notes

Levels and vault maps discovered:
D:1:      saegor_arrival_under_anarchy, layout_basic,
          shapermc_ecumenical_altar_starsandcircs, minmay_misc_feat_cross,
          minmay_surrounded
D:2:      layout_basic, uniq_sigmund, uniq_terence
D:3:      layout_loops_ring, grunt_dithmenos_smoke_and_mirrors,
          chequers_serial_rivers_micro_c, kennysheep_generic_room_10
D:4:      layout_loops_ring, grunt_temple_overflow_diamond,
          minmay_temple_entry_drinking_statues
D:5:      layout_cave_pools, mainiacjoe_overflow_small_starburst, serial_shops,
          shop, minmay_between, uniq_edmund, uniq_eustachio
D:6:      layout_basic, fedhas_altar_decomposition, gup_sewer_entry_bubbles,
          uniq_prince_ribbit1
D:7:      layout_loops_corners, lemuel_crystal_altar, uniq_crazy_yiuf_cottage
D:8:      layout_cave_pools, mainiacjoe_overflow_surrounded_room, uniq_maggie
D:9:      layout_loops_ring, erik_orc_4, chequers_serial_rivers_micro_b
D:10:     layout_long_grid, uniq_urug
D:11:     layout_basic, erik_lair_dragon, ebering_ghost_disaster_area,
          minmay_diced_spiral
D:12:     layout_basic, gauntlet_entry_generic, portal_ice_cave_entry_pillars_2
Temple:   nicolae_temple_great_sept
Orc:1:    layout_diamond_mine, gammafunk_ghost_grave, uniq_nergalle
IceCv:    ice_cave_small_necro

Skill      XL: |  1  2  3  4  5  6  7  8  9 10 11 |
---------------+----------------------------------+-----
Spellcasting   | 3 4 5 6 8 9 11 | 11.9
Conjurations   | 5 6 7 8 10 11 13 | 13.9
Fighting       | 3 6 7 8 |  8.0
Dodging        | |  1.5
Stealth        | |  3.0

Action                     |  1- 3 |  4- 6 |  7- 9 | 10-12 || total
---------------------------+-------+-------+-------+-------++-------
  Melee: Short sword       |       |     1 |       |       ||     1
         Falchion          |       |       |       |    35 ||    35
   Fire: Sling             |       |     2 |       |       ||     2
         Shortbow          |       |       |       |     4 ||     4
   Cast: Magic Dart        |    32 |    23 |    31 |    28 ||   114
         Searing Ray       |     6 |    13 |    81 |    48 ||   148
         Iskenderun's Myst |       |     1 |     3 |     9 ||    13
         Fulminant Prism   |       |       |     5 |    11 ||    16
         Frozen Ramparts   |       |       |     3 |    23 ||    26
         Sticky Flame      |       |       |       |    34 ||    34
         Orb of Destructio |       |       |       |    34 ||    34
Ability: Spit Poison       |    25 |    17 |    46 |    32 ||   120
  Evoke: Wand              |       |       |       |    11 ||    11
    Use: Scroll            |       |     3 |     4 |    10 ||    17
         Potion            |       |       |       |     9 ||     9
 Armour: Robe              |     2 |    10 |    63 |   165 ||   240
         Skin              |       |       |       |    21 ||    21
  Dodge: Dodged            |     2 |     6 |    23 |    80 ||   111

Table legend: (Time is in decaauts)
 A = Elapsed time spent in this place.
 B = Non-inter-level travel time spent in this place.
 C = Inter-level travel time spent in this place.
 D = Time resting spent in this place.
 E = Time spent auto-exploring this place.
 F = Levels seen in this place.
 G = Mean time per level.
                   A        B        C        D        E       F      G
               +--------+--------+--------+--------+--------+-----+--------+
         Total |  17206 |  16020 |   1186 |   4166 |   9053 |  16 | 1075.4 |
       Dungeon |  16478 |  15317 |   1161 |   3999 |   8815 |  12 | 1373.2 |
        Temple |     26 |      1 |     25 |      0 |      0 |   1 |   26.0 |
  Orcish Mines |     36 |     36 |      0 |     14 |      0 |   1 |   36.0 |
         Sewer |    583 |    583 |      0 |    153 |    238 |   1 |  583.0 |
      Ice Cave |     81 |     81 |      0 |      0 |      0 |   1 |   81.0 |
               +--------+--------+--------+--------+--------+-----+--------+

Top non-repeatable levels by time:
    D:11: 2174 daAuts
     D:6: 1959 daAuts
     D:9: 1920 daAuts
    D:10: 1893 daAuts
     D:7: 1521 daAuts
     D:8: 1502 daAuts
     D:3: 1357 daAuts
     D:4: 1316 daAuts
     D:1: 1303 daAuts
     D:2: 856 daAuts
     D:5: 633 daAuts
   Sewer: 583 daAuts
   IceCv: 81 daAuts
    D:12: 40 daAuts
   Orc:1: 36 daAuts
